 Dungeon Crawl Stone Soup version 0.30-a0-972-gf3ab3527aa (webtiles) character file.

Game seed: 3655669660746663976

1971 vishdafish the Conjurer (level 9, 43/57 HPs)
             Began as a Demonspawn Conjurer on Mar 31, 2023.
             Was an Initiate of Vehumet.
             Quit the game on level 8 of the Dungeon.
             The game lasted 00:09:59 (7334 turns).

vishdafish the Conjurer (Demonspawn Conjurer)       Turns: 7334, Time: 00:10:00

Health: 43/57      AC:  9    Str:  8    XL:     9   Next: 0%
Magic:  3/19       EV: 12    Int: 24    God:    Vehumet [......]
Gold:   230        SH:  0    Dex: 11    Spells: 12/21 levels left

rFire   + . .      SeeInvis .    k - +2 dagger (protect)
rCold   . . .      Faith    .    (no shield)
rNeg    . . .      Spirit   .    a - +0 robe
rPois   .          Reflect  .    n - +2 helmet
rElec   .          Rampage  .    (no cloak)
rCorr   .                        (no gloves)
Will    .....                    E - +0 pair of boots
Stlth   ++                       q - amulet of magic regeneration
HPRegen 0.29/turn                l - ring of protection from fire
MPRegen 0.56/turn                (no ring)

@: very slightly contaminated
A: claws 1, slimy green scales 2
a: Renounce Religion


You were on level 8 of the Dungeon.
You worshipped Vehumet.
Vehumet was noncommittal.
You visited 2 branches of the dungeon, and saw 9 of its levels.
You also visited: Ossuary.

You collected 230 gold pieces.

Inventory:

Hand Weapons
 k - a +2 dagger of protection (weapon)
Armour
 a - a +0 robe (worn)
 n - a +2 helmet (worn)
 E - a +0 pair of boots (worn)
Jewellery
 h - an amulet of faith
 l - a ring of protection from fire (left claw)
 q - an amulet of magic regeneration (around neck)
 v - a ring of fire
Wands
 t - a wand of polymorph (8)
Scrolls
 c - 2 scrolls of amnesia
 f - 3 scrolls of immolation
 j - a scroll of torment
 r - a scroll of fear
 s - a scroll of teleportation
 w - a scroll of vulnerability {unknown}
 x - a scroll of fog {unknown}
 y - a scroll of brand weapon {unknown}
 A - 3 scrolls of identify
 D - a scroll of magic mapping {unknown}
 F - a scroll of enchant armour {unknown}
Potions
 b - a potion of magic
 d - 2 potions of heal wounds
 e - 5 potions of curing
 g - a potion of berserk rage {unknown}
 i - a potion of brilliance
 m - 10 potions of degeneration
 o - 2 potions of attraction {unknown}
 p - 2 potions of invisibility {unknown}
 u - 2 potions of lignification {unknown}
 z - 3 potions of resistance {unknown}
 B - a potion of cancellation {unknown}
 C - a potion of mutation


   Skills:
 - Level 1.7 Dodging
 - Level 1.7 Stealth
 + Level 6.6 Spellcasting
 + Level 7.9 Conjurations
 - Level 4.4 Hexes
 - Level 4.0 Translocations


You had 12 spell levels left.
You knew the following spells:

 Your Spells              Type           Power      Damage    Failure   Level
a - Magic Dart            Conj           100%       1d8       1%          1
b - Fulminant Prism       Conj/Hex       18%        3d10      6%          4
c - Iskenderun's Mystic   Conj/Tloc      36%        2d9       6%          4

Your spell library contained the following spells:

 Spells                   Type           Power      Damage    Failure   Level
 Searing Ray              Conj           90%        2d7       1%          2
 Dazzling Flash           Conj/Hex       74%        N/A       1%          3
 Hailstorm                Conj/Ice       26%        3d7       4%          3
 Freeze                   Ice            28%        1d5       8%          1
 Mephitic Cloud           Conj/Pois/Air  20%        N/A       8%          3
 Call Imp                 Summ           7%         N/A       12%         2
 Kindle Blastsparks       Fire/Tloc/Air  28%        2d12      13%         3
 Frozen Ramparts          Ice            14%        1d3       22%         3
 Ignite Poison            Fire/Tmut/Pois 7%         N/A       22%         3
 Freezing Cloud           Conj/Ice/Air   10%        6-21      56%         5


Dungeon Overview and Level Annotations

Branches:
Dungeon (8/15)             Temple (1/1) D:7         Ossuary (visited)
   Lair: D:8-11

Altars:
Ashenzari
Cheibriados
Dithmenos
Fedhas
Gozag
Hepliaklqana
Kikubaaqudgha
Makhleb
Nemelex Xobeh
Okawaru
Qazlal
Ru
Trog
Uskayaw
Vehumet
Wu Jian
Yredelemnul

Shops:
D:4 (


Innate Abilities, Weirdness & Mutations

You have sharp fingernails.
You are mostly covered in slimy green scales. (AC +3)


Message History

Casting: Fulminant Prism (dangerous; 7% risk of failure)
Confirm with . or Enter, or press ? or * to list all spells.
You erupt in a blast of force!
The mystic blast hits the gnoll sergeant.
The gnoll sergeant is severely wounded.
The gnoll sergeant is knocked back by the mystic blast.
A gnoll comes into view. It is wielding a +0 flail.
A gnoll comes into view. It is wielding a +0 halberd.
Casting: Iskenderun's Mystic Blast (dangerous; 8% risk of failure)
Confirm with . or Enter, or press ? or * to list all spells.
You don't have enough magic to cast this spell.
Okay, then.
Casting: Iskenderun's Mystic Blast (dangerous; 8% risk of failure)
Confirm with . or Enter, or press ? or * to list all spells.
Aiming: Fulminant Prism (dangerous; 7% risk of failure)
Press: ? - help, Dir - move target You conjure a prism of explosive energy!
A fulminant prism comes into view.
The gnoll sergeant hits you from afar with a +1 vampiric spear.
A gnoll comes into view. It is wielding a +0 flail.
The gnoll sergeant hits you but does no damage.
You feel yourself speed up.
Your fulminant prism crackles loudly.
Your fulminant prism explodes!
The blast of energy engulfs the gnoll!
The gnoll is almost dead.
The blast of energy engulfs the gnoll.
The gnoll is heavily wounded.
The blast of energy engulfs the gnoll sergeant!!
You kill the gnoll sergeant!
Vehumet accepts your kill.
The blast of energy engulfs the gnoll!
The gnoll is almost dead.
You have reached level 9!
Your experience leads to an increase in your attributes!
Increase (S)trength, (I)ntelligence, or (D)exterity?
You feel clever. x2; Your demonic ancestry asserts itself...
Slimy green scales spread over more of your body.
The gnoll drinks a potion.
The gnoll is healed!
Are you sure you want to abandon this character and quit the game? (Confirm with "yes".)

## .. .. .# .###
..# #.# #@# #.#
#.# ##.#######
#gg.......
#.###.g#######
#|....g.......
....####..#######
.. #..#


You could see 4 gnolls.

Vanquished Creatures
  A wyvern (D:7)
  Eustachio (D:4)
  Menkaure (D:7)
  Duvessa (D:4)
  An ice beast (D:4)
  A black bear (D:7)
  An orc warrior (D:7)
  A centaur (D:8)
  A phantom (D:6)
  A gnoll sergeant (D:8)
  A bullfrog (D:6)
  2 scorpions (D:5)
  Dowan (D:4)
  4 killer bees (D:7)
  A jelly (D:4)
  2 centaur zombies (Ossuary)
  2 human zombies (Ossuary)
  2 hounds
  An orc priest (D:7)
  3 orc wizards (D:4)
  2 iguanas
  3 mummies (Ossuary)
  6 adders
  A shadow imp (D:7)
  2 ufetubi
  A worm (D:2)
  A dart slug (D:1)
  9 orcs
  7 ball pythons
  6 endoplasms
  2 giant cockroaches
  6 goblins
  8 hobgoblins
  5 jackals
  10 kobolds
  A quokka (D:2)
  3 bats
  5 frilled lizards
  A hobgoblin zombie (Ossuary)
  3 orc zombies (Ossuary)
  5 rats
116 creatures vanquished.

Vanquished Creatures (others)
  12 fulminant prisms
  19 fungi (D:6)
  16 plants (D:6)
47 creatures vanquished.

Grand Total: 163 creatures vanquished

Notes
Turn   | Place    | Note
-------+----------+-------------------------------------------
     0 | D:1      | vishdafish the Demonspawn Conjurer began the quest for the
                  | Orb.
     0 | D:1      | Reached XP level 1. HP: 13/13 MP: 3/3
   204 | D:1      | Gained mutation: You are partially covered in slimy green
                  | scales. (AC +2) [demonic ancestry]
   204 | D:1      | Reached XP level 2. HP: 19/19 MP: 1/5
  1287 | D:2      | Reached XP level 3. HP: 24/24 MP: 5/7
  1857 | D:2      | Found a faded altar of an unknown god.
  2382 | D:3      | Reached XP level 4. HP: 30/30 MP: 8/8
  2555 | D:3      | Reached skill level 5 in Conjurations
  3414 | D:4      | Found a bloodstained altar of Trog.
  3471 | D:4      | Noticed Dowan
  3474 | D:4      | Noticed Duvessa
  3481 | D:4      | Killed Duvessa
  3482 | D:4      | Gained mutation: You have sharp fingernails. [demonic
                  | ancestry]
  3482 | D:4      | Reached XP level 5. HP: 25/35 MP: 5/11
  3484 | D:4      | Killed Dowan
  3485 | D:4      | Reached XP level 6. HP: 18/41 MP: 3/12
  3605 | D:4      | Reached skill level 6 in Conjurations
  3988 | D:4      | Noticed an ice beast
  4004 | D:4      | Killed an ice beast
  4005 | D:4      | Reached skill level 5 in Spellcasting
  4266 | D:4      | Found Dippyfit's Weapon Shop.
  4350 | D:4      | Noticed Eustachio
  4560 | D:4      | Killed Eustachio
  4561 | D:4      | Reached XP level 7. HP: 41/46 MP: 2/15
  4870 | D:5      | Entered Level 5 of the Dungeon
  4968 | D:5      | Reached skill level 7 in Conjurations
  5033 | D:5      | Found a hide-covered altar of Uskayaw.
  5261 | D:5      | Learned a level 4 spell: Fulminant Prism
  5266 | D:5      | Learned a level 4 spell: Iskenderun's Mystic Blast
  5607 | D:6      | Reached skill level 1 in Hexes
  5622 | D:6      | Reached skill level 1 in Translocations
  5718 | D:7      | Reached XP level 8. HP: 47/52 MP: 14/17
  6078 | D:7      | Found a staircase to the Ecumenical Temple.
  6083 | D:7      | Found a sand-covered staircase.
  6093 | Ossuary  | Entered an ossuary
  6531 | D:7      | Identified the +5 mace "Kuless" {freeze, rC+++ Will- Str-3
                  | Stlth+}
  6595 | D:7      | Noticed Menkaure
  6606 | D:7      | Killed Menkaure
  6773 | Temple   | Entered the Ecumenical Temple
  6867 | Temple   | Became a worshipper of Vehumet
  7028 | D:7      | Found a broken altar of Ashenzari.
  7331 | D:8      | Gained mutation: You are mostly covered in slimy green
                  | scales. (AC +3) [demonic ancestry]
  7331 | D:8      | Reached XP level 9. HP: 42/57 MP: 2/19
  7334 | D:8      | Quit the game

Illustrated notes

Levels and vault maps discovered:
D:1:      ncdulo_halloftheorcs, layout_loops_ring, serial_bayou_pond_a
D:2:      layout_basic, shapermc_ecumenical_altar_mp_vishouse
D:3:      layout_loops_ring, nrook_mini_backslash
D:4:      layout_basic, mainiacjoe_overflow_small_starburst,
          minmay_shop_grid_forest, uniq_eustachio, uniq_duvessa
D:5:      layout_loops_cross, lemuel_coloured_pillars_altar
D:6:      kennysheep_steamy, layout_basic, mainiacjoe_overflow_cross_hatched
D:7:      layout_rooms, ashenzari_conservatory_becter,
          minmay_temple_entry_stoned_glass,
          lightli_ossuary_entry_decrepit_ruins, uniq_menkaure
D:8:      layout_loops_ring, led_xom_imps
Temple:   minmay_temple_bridge_d

Skill      XL: |  1  2  3  4  5  6  7  8 |
---------------+-------------------------+-----
Spellcasting   | 3 4 5 6 |  6.6
Conjurations   | 5 6 7 |  7.9
Hexes          | 1 4 |  4.4
Translocations | 1 4 |  4.0
Dodging        | |  1.7
Stealth        | |  1.7

Action                     |  1- 3 |  4- 6 |  7- 9 || total
---------------------------+-------+-------+-------++-------
  Melee: Unarmed           |    22 |       |       ||    22
         Dagger            |     6 |    88 |     1 ||    95
   Cast: Magic Dart        |    93 |    88 |   149 ||   330
         Iskenderun's Myst |       |       |    16 ||    16
         Fulminant Prism   |       |       |    12 ||    12
  Evoke: Wand              |       |     6 |       ||     6
    Use: Scroll            |       |       |     7 ||     7
         Potion            |       |       |     2 ||     2
   Stab: Sleeping          |       |     1 |       ||     1
 Armour: Robe              |    12 |    40 |    42 ||    94
  Dodge: Dodged            |    17 |    48 |    68 ||   133

Table legend: (Time is in decaauts)
 A = Elapsed time spent in this place.
 B = Non-inter-level travel time spent in this place.
 C = Inter-level travel time spent in this place.
 D = Time resting spent in this place.
 E = Time spent auto-exploring this place.
 F = Levels seen in this place.
 G = Mean time per level.
                   A        B        C        D        E       F      G
               +--------+--------+--------+--------+--------+-----+--------+
         Total |   7338 |   6868 |    470 |    336 |   5631 |  10 |  733.8 |
       Dungeon |   6754 |   6380 |    374 |    336 |   5257 |   8 |  844.2 |
        Temple |    163 |     68 |     95 |      0 |     62 |   1 |  163.0 |
       Ossuary |    420 |    420 |      0 |      0 |    312 |   1 |  420.0 |
               +--------+--------+--------+--------+--------+-----+--------+

Top non-repeatable levels by time:
     D:4: 1760 daAuts
     D:1: 1175 daAuts
     D:2: 968 daAuts
     D:3: 967 daAuts
     D:5: 687 daAuts
     D:7: 621 daAuts
     D:6: 491 daAuts
 Ossuary: 420 daAuts
  Temple: 163 daAuts
     D:8: 83 daAuts
